 Dungeon Crawl Stone Soup version 0.20-a0-947-g2784f4f (webtiles) character file.

603 Hybris the Cudgeler (level 7, -3/74 HPs)
             Began as an Ogre Fighter on Apr 3, 2017.
             Was an Initiate of Qazlal.
             Slain by an orc
             ... wielding a +0 club
              (5 damage)
             ... on level 6 of the Dungeon.
             The game lasted 00:12:09 (6964 turns).

Hybris the Cudgeler (Ogre Fighter)                  Turns: 6964, Time: 00:12:11

Health: -3/74      AC:  3    Str: 28    XL:     7   Next: 42%
Magic:  7/7        EV:  8    Int:  9    God:    Qazlal [......]
Gold:   224        SH:  9    Dex:  8    Spells: 6/6 levels left

rFire    . . .     SeeInvis .   a - +0 flail
rCold    . . .     Gourm    .   c - +0 shield
rNeg     . . .     Faith    .   b - +0 robe
rPois    .         Spirit   .   (helmet restricted)
rElec    .         Reflect  .   (no cloak)
rCorr    .         Harm     .   (gloves unavailable)
MR       .....                  (boots unavailable)
Stlth    +.........             (no amulet)
Regen    0.3/turn               (no ring)
MPRegen  0.1/turn               (no ring)

@: mighty
A: unfitting armour, tough skin 1
a: Renounce Religion


You were on level 6 of the Dungeon.
You worshipped Qazlal.
Qazlal was noncommittal.
You were hungry.

You visited 1 branch of the dungeon, and saw 6 of its levels.

You collected 224 gold pieces.

Inventory:

Hand Weapons
 a - a +0 flail (weapon)
Armour
 b - a +0 robe (worn)
 c - a +0 shield (worn)
Jewellery
 y - an uncursed ring of positive energy {unknown}
Wands
 z - a wand of flame (23/48)
Scrolls
 g - 2 scrolls of identify
 i - a scroll of fear {unknown}
 k - 2 scrolls of recharging {unknown}
 l - 7 scrolls of remove curse {unknown}
 m - a scroll of enchant weapon {unknown}
 q - 5 scrolls of blinking {unknown}
 s - 2 scrolls of teleportation {unknown}
Potions
 e - a potion of curing
 h - a potion of agility {unknown}
 j - a potion of ambrosia {unknown}
 n - 2 potions of degeneration {unknown}
 p - a potion of flight
 t - 2 potions of magic {unknown}
 v - a potion of resistance {unknown}
Books
 x - a book of Geomancy

   Spells                             Type                      Level
   a - Sandblast                      Earth                        1
   b - Passwall                       Transmutation/Earth          2
   c - Stone Arrow                    Conjuration/Earth            3
   d - Petrify                        Transmutation/Earth          4
   e - Lee's Rapid Deconstruction     Earth                        5
Comestibles
 f - 4 bread rations
 o - a royal jelly
 r - a fruit
 u - a meat ration


   Skills:
 + Level 5.9 Fighting
 * Level 6.1 Maces & Flails
 - Level 3.6 Dodging
 - Level 2.6 Shields


You had 6 spell levels left.
You didn't know any spells.

Dungeon Overview and Level Annotations

Branches:
Dungeon (6/15)
 Temple: D:4-7

Altars:
Fedhas
Qazlal


Innate Abilities, Weirdness & Mutations

You are too large for most types of armour.
You have tough skin. (AC +1)


Message History

* * * LOW HITPOINT WARNING * * *
You miss the orc wizard. The orc wizard closely misses you.
The orc barely misses you. The orc hits you with a flail.
* * * LOW HITPOINT WARNING * * *
You feel better. The orc wizard hits you with a dagger.
* * * LOW HITPOINT WARNING * * *
You block the orc's attack.
You sock the orc wizard!
The orc wizard is severely wounded.
The orc hits you with a flail!
* * * LOW HITPOINT WARNING * * *
You block the orc wizard's attack. The orc hits you with a club.
* * * LOW HITPOINT WARNING * * *
You closely miss the orc wizard.
The orc wizard is severely wounded.
The orc hits you with a flail!
* * * LOW HITPOINT WARNING * * *
The orc wizard hits you but does no damage.
The orc hits you with a club.
You die...

#########
......oo#
#@# #o#
#.# #.#
..# ###


You could see an orc wizard and 2 orcs.

Vanquished Creatures
  2 howler monkeys (D:4)
  A crimson imp (D:5)
  3 hounds
  A jelly (D:4)
  3 orc wizards
  An iguana (D:4)
  2 worker ants
  8 adders
  An adder zombie (D:5)
  An adder skeleton (D:4)
  A worm (D:3)
  3 dart slugs (D:1)
  4 leopard geckos
  18 orcs
  8 bats
  3 giant cockroaches
  7 goblins
  9 hobgoblins
  14 jackals
  2 quokkas
  2 ball pythons
  5 frilled lizards
  A jackal skeleton (D:4)
  6 kobolds
  10 rats
116 creatures vanquished.

Notes
Turn   | Place    | Note
-------+----------+-------------------------------------------
     0 | D:1      | Hybris the Ogre Fighter began the quest for the Orb.
     0 | D:1      | Reached XP level 1. HP: 24/24 MP: 1/1
    29 | D:1      | Reached skill level 2 in Maces & Flails
   268 | D:1      | Reached XP level 2. HP: 32/32 MP: 2/2
   932 | D:1      | Reached XP level 3. HP: 38/39 MP: 3/3
  1167 | D:1      | Reached skill level 3 in Maces & Flails
  1829 | D:2      | Reached XP level 4. HP: 39/48 MP: 4/4
  2039 | D:2      | Found a blossoming altar of Fedhas.
  2048 | D:2      | Found a stormy altar of Qazlal.
  2643 | D:3      | Reached skill level 4 in Maces & Flails
  2643 | D:3      | Reached XP level 5. HP: 32/54 MP: 5/5
  4537 | D:4      | Reached XP level 6. HP: 30/63 MP: 6/6
  5268 | D:4      | Reached skill level 5 in Fighting
  5268 | D:4      | Reached skill level 5 in Maces & Flails
  5785 | D:4      | Reached XP level 7. HP: 57/72 MP: 7/7
  6375 | D:5      | Entered Level 5 of the Dungeon
  6745 | D:5      | Found a stormy altar of Qazlal.
  6808 | D:5      | Became a worshipper of Qazlal Stormbringer
  6866 | D:5      | Reached skill level 6 in Maces & Flails
  6964 | D:6      | HP: 2/74 [orc/flail (7)]
  6964 | D:6      | Slain by an orc

Vault maps used:
D:1:      lightli_arrival_chessboard
D:2:      grunt_temple_overflow_forces_of_nature, first_bread
D:5:      grunt_qazlal_clouds
D:6:      gammafunk_temple_overflow_wave, minmay_temple_entry_enclosed_plants,
          nicolae_ossuary_entry_giza, roderic_roman_lattice

Skill      XL: |  1  2  3  4  5  6  7 |
---------------+----------------------+-----
Maces & Flails | 2 3 4 5 6 |  6.1
Dodging        | 3 |  3.6
Fighting       | 5 |  5.9
Shields        | |  2.6

Action                   |  1- 3 |  4- 6 |  7- 9 || total
-------------------------+-------+-------+-------++-------
Melee: Flail             |   112 |   274 |    91 ||   477
  Use: Potion            |       |     4 |     2 ||     6
       Scroll            |       |     1 |       ||     1
 Stab: Sleeping          |     1 |       |       ||     1
  Eat: Chunk             |     3 |    13 |     3 ||    19
Armor: Robe              |    27 |    63 |    11 ||   101
Dodge: Dodged            |    41 |   123 |    30 ||   194
Block: Shield            |    47 |   116 |    35 ||   198
